Alduin, lawful male human Priest ------- ---------- # #......| |........| -----+------ -------- ###|.....| |........| |........>.| |!.!!!.| # #-..@...############## |........| |..........| |!!.!!.-#######-.-|---# ---.-----# |........| |..........| -------- # # ####### |.......|######.........| |..........-##################### |.......|# ---------- |..........| # |<......|# |..........| ### |.......|# ------+----- # |.......|# # # ---- |.......|# # |..| ---------############# # |..| -.------ # # ---- |......| --+-----# |......| |..{...|# |......| |......|# -------- |......-# -------- Alduin the Acolyte Experience level: 4 Strength: 10 Dexterity: 15 Constitution: 10 Intelligence: 10 Wisdom: 18 Charisma: 11 Health: 31(31) Energy: 39(39) AC: 6 Gold: 190 Moves: 1159 Your Inventory: Coins $ - 190 gold pieces Weapons a - a blessed +1 mace (weapon in hand) j - an uncursed [+0] crude spear [orcish] q - 3 uncursed [+0] crude daggers [orcish] t - an uncursed [+0] forked polearm [spetum] v - 10 uncursed [+0] arrows Armor b - an uncursed +0 robe (being worn) c - an uncursed +0 small shield (being worn) x - an uncursed +0 iron skull cap [orcish helm] (being worn) Comestibles e - an uncursed clove of garlic f - an uncursed sprig of wolfsbane k - 2 uncursed food rations Scrolls r - an uncursed unlabeled scroll [of blank paper] Spellbooks g - an uncursed spellbook of create monster h - an uncursed spellbook of cure blindness u - an uncursed thin spellbook [of jumping] Potions d - 3 potions of holy water i - an uncursed emerald potion [of healing] n - an uncursed squishy potion [of fruit juice] p - an uncursed indigo potion [of monster detection] y - a potion of holy water Wands m - an uncursed runed wand [of digging (0:4)] Tools s - an uncursed lock pick Gems w - an uncursed black gem [worthless glass] Spells known in the end: Name Level Category Fail Memory a - create monster 2 clerical 0% [||||||||] b - cure blindness 2 healing 39% [||||||||] Your skills at the end: Fighting Skills Weapon Skills mace [Basic / Expert] Spellcasting Skills clerical spells [Basic / Expert] Final Attributes: You were devoutly aligned. Hunger level was 19. Your alignment was 15 / 15. Monster difficulty range was 0 - 3. Level difficulty was 3. Your luck was zero. You are dead. Vanquished creatures: a kitten a giant bat an iguana an acid blob a hobgoblin 2 giant rats a gnome zombie a gecko 4 jackals 2 goblins 3 grid bugs 3 newts 21 creatures vanquished. Voluntary challenges: You were an atheist. You used a wielded weapon 20 times. You read items or engraved 1 time. You put on armor 3 times. You never genocided any monsters. You never polymorphed an object. You never changed form. You used no wishes. You never wrote Elbereth's name. You never encountered a bones level. You never used any Sokoban shortcuts. Dungeon overview: The Dungeons of Doom: levels 1 to 3 Level 1 a long staircase Level 2 a fountain portal to Advent Calendar Level 3 <- You were here a potion shop, a fountain Advent Calendar: Level 3 many trees portal to The Dungeons of Doom History has recorded: On T:1 you entered the Dungeons of Doom to retrieve the Amulet of Yendor! On T:259 you reached level 2 of The Dungeons of Doom. On T:365 you reached level 1 of Advent Calendar. On T:518 you advanced to experience level 2. On T:522 you advanced to experience level 3. On T:552 you reached level 3 of The Dungeons of Doom. On T:846 you advanced to experience level 4. Latest messages: [HP+1=29] [2 turns] (2x) [HP+1=30] [2 turns] (2x) [HP+1=31] [2 turns] (6x) You are beginning to feel weak. [2 turns] You hear water falling on coins. [2 turns] You feel a bit steadier now. [2 turns] (3x) You see here an uncursed rotten partly eaten jackal corpse. [2 turns] Ulch! That meat was tainted! You feel deathly sick. [2 turns] You hear the footsteps of a guard on patrol. [2 turns] You die from your illness. Final status: Goodbye Alduin the Priest... You were poisoned in The Dungeons of Doom on dungeon level 3 with 737 points, and 190 pieces of gold, after 1159 moves. You were level 4 with a maximum of 31 hit points when you were poisoned.